AoeStats
← lovemetiger

Black Forest

508849980Analyzed
2v2 RM · 9d ago on Sep 24, 2026· 32m 43s· 4 players
Game mode
Random Map
Map size
Medium (4 player)
Population
200
Speed
Normal
Resources
Standard
Victory
Conquest
Starting age
Dark Age
Ending age
Imperial Age
RankedLock teamsTeams togetherTeam positionsShared explorationLock speedFull tech treeHidden civsTurbo modeCheats
Victory
Defeat
🇦🇿 Hindustanis · Azerbaijan
838
+19
🇷🇺 Goths · Russia
766
+23
🇷🇴 Mongols · Romania
910
-63
🇷🇴 Vietnamese · Romania
910
-63
Vladika_astadb
0:29 Loom
12:58 Feudal Age
14:04 Double-Bit Axe
14:12 Horse Collar
20:15 Wheelbarrow
19:52 Stone Mining
22:29 Castle Age
21:55 Gold Mining
26:43 Bow Saw
30:24 Imperial Age
28:51 Forging
28:47 Scale Barding Armor
28:43 Town Watch
30:07 Iron Casting
30:27 Wheelbarrow
30:45 Heavy Plow
31:06 Bloodlines
30:57 Husbandry
31:32 Hand Cart
31:59 Heavy Camel Rider
33:03 Chain Barding Armor
32:40 Gold Mining
33:08 Caravan
lovemetiger
0:53 Loom
13:25 Feudal Age
14:59 Wheelbarrow
14:59 Double-Bit Axe
16:46 Gold Mining
20:18 Man-at-Arms
22:09 Forging
22:56 Horse Collar
23:38 Scale Mail Armor
27:46 Castle Age
26:29 Padded Archer Armor
27:02 Fletching
28:15 Crossbowman
29:34 Leather Archer Armor
29:50 Hand Cart
29:48 Bow Saw
31:28 Murder Holes
32:56 Bodkin Arrow
nemtudom
2:55 Loom
13:02 Feudal Age
19:34 Castle Age
21:53 Squires
24:48 Double-Bit Axe
28:25 Wheelbarrow
30:47 Horse Collar
31:36 Hand Cart
Áron
10:48 Loom
13:05 Feudal Age
14:18 Horse Collar
15:22 Wheelbarrow
16:07 Double-Bit Axe
16:50 Town Watch
23:15 Castle Age
25:44 Hand Cart
25:57 Heavy Plow
26:10 Bow Saw
29:25 Scale Barding Armor
31:53 Husbandry
32:05 Bloodlines
32:52 Chain Barding Armor
Connection lost

Rejoining the realm…

Still unreachable

The connection could not be restored.

Session expired

The server has moved on; the page needs a fresh start.